 Dungeon Crawl Stone Soup version 0.31.0-32-g396128a36d (webtiles) character file.

Game seed: 182438237699749878

115 Peloso the Covered (level 4, -5/41 HPs)
             Began as a Minotaur Fighter on Mar 15, 2024.
             Slain by an ogre
             ... wielding a +0 giant club
              (26 damage)
             ... on level 3 of the Dungeon.
             The game lasted 00:02:47 (1561 turns).

Peloso the Covered (Minotaur Fighter)               Turns: 1561, Time: 00:02:47

Health: -5/41      AC: 11    Str: 21    XL:     4   Next: 68%
Magic:  3/3        EV:  9    Int:  8    God:
Gold:   109        SH:  5    Dex: 15    Spells: 3/3 levels left

rFire   . . .        b - +9 whip "Concordance" {pain, rN+ Int+3 Dex+4 Stlth-}
rCold   . . .        d - +0 buckler
rNeg    + . .        p - +1 scale mail
rPois   .            (helmet restricted)
rElec   .            (no cloak)
rCorr   .            c - +2 pair of gloves
SInv    .            (no boots)
Will    .....        (no amulet) Stlth
                     l - ring of flight
HPRegen 0.26/turn    (no ring)
MPRegen 0.08/turn

%: no passive effects
@: flying
A: horns 2, retaliatory headbutt
a: no special abilities


You were on level 3 of the Dungeon.
You visited 1 branch of the dungeon, and saw 3 of its levels.

You collected 109 gold pieces.

Inventory:

Hand Weapons
 a - a +0 long sword
 b - the +9 whip "Concordance" (weapon) {pain, rN+ Int+3 Dex+4 Stlth-}
   (You found it on level 3 of the Dungeon)

   Int+3:     It affects your intelligence (+3).
   Dex+4:     It affects your dexterity (+4).
   rN+:       It protects you from negative energy.
   Stlth-:    It makes you less stealthy.
Missiles
 t - 2 throwing nets (quivered)
Armour
 c - a +2 pair of gloves (worn)
 d - a +0 buckler (worn)
 p - a +1 scale mail (worn)
Jewellery
 l - a ring of flight (left hand)
Wands
 k - a wand of light (10)
 o - a wand of mindburst (12)
Scrolls
 e - 3 scrolls of immolation {unknown}
 f - 2 scrolls of identify {unknown}
 g - 2 scrolls of vulnerability {unknown}
 h - 4 scrolls of noise {unknown}
 i - a scroll of enchant weapon {unknown}
 n - a scroll of teleportation {unknown}
 q - a scroll of amnesia {unknown}
Potions
 j - a potion of curing {unknown}
 m - 2 potions of might
 r - a potion of heal wounds {unknown}
 s - a potion of attraction {unknown}


   Skills:
 + Level 4.5 Fighting
 + Level 3.9 Long Blades
 + Level 4.7 Armour
 + Level 4.0 Shields


You had 3 spell levels left.
You didn't know any spells.
Your spell library contained the following spells:

 Spells                   Type           Power      Damage    Failure   Level
 Vhi's Electric Charge    Tloc/Air       0%         N/A       100%        4
 Arcjolt                  Conj/Air       0%         1d10      100%        5
 Plasma Beam              Fire/Air       0%         2x1d10    100%        6


Dungeon Overview and Level Annotations

Branches:
Dungeon (3/15)

Altars:


Innate Abilities, Weirdness & Mutations

You have a pair of horns on your head.
You reflexively headbutt those who attack you in melee.


Message History

You block the jackal's attack. The jackal bites you.
You closely miss the jackal. You headbutt the jackal.
You kill the jackal!
Found a short sword.
A jackal comes into view.
A jackal is nearby!
Found a stone staircase leading up.
An orc comes into view. It is wielding a +0 club.
The orc shouts!
You hear a shout! x2
You see here a +0 short sword.
A kobold and an ogre come into view.
The kobold shouts!
The ogre shouts!
You slash the jackal!
You kill the jackal!
You feel clever.
You feel agile.
You have a feeling of ineptitude.
b - the +9 whip "Concordance" (weapon)
{pain, rN+ Int+3 Dex+4 Stlth-} You block the orc's attack.
Unknown command.
You hit the orc. Your headbutt misses the orc.
The orc is almost dead.
The orc hits you but does no damage. You block the kobold's attack.
Unknown command.
You whack the orc!
You kill the orc!
The kobold closely misses you.
Unknown command.
You hit the ogre. You headbutt the ogre!
The ogre is moderately wounded.
A goblin comes into view. It is wielding a +0 club.
The ogre hits you with a +0 giant club!!
The kobold hits you but does no damage.
Unknown command.
The goblin shouts!
You hit the ogre. Your headbutt misses the ogre.
The ogre is heavily wounded.
The kobold hits you but does no damage.
The ogre hits you with a +0 giant club!!
Ouch! That really hurt!
You die...

### #.. #.# ### #.#
###+#.. #.# .......
######.## .......
#.......#
.......###.####)#
.......O@#.# #.#####
..g....K##.####..#..#
......†.#.....#.....#
###.#'#......##.....#
# #.#).....##....## #
#......##.#.#.#
#..#+####..#.## ...##
#..##.# #...# #....##


You could see an ogre, a goblin and a kobold.

Vanquished Creatures
  4 gnolls (D:3)
  2 adders (D:3)
  A dart slug (D:1)
  2 orcs (D:3)
  3 ball pythons (D:2)
  5 endoplasms
  4 giant cockroaches
  6 goblins
  3 hobgoblins
  2 jackals (D:3)
  5 kobolds
  3 quokkas
  5 bats
  3 frilled lizards
  3 rats
51 creatures vanquished.

Notes
Turn   | Place    | Note
-------+----------+-------------------------------------------
     0 | D:1      | Peloso the Minotaur Fighter began the quest for the Orb.
     0 | D:1      | Reached XP level 1. HP: 19/19 MP: 0/0
   109 | D:1      | Reached XP level 2. HP: 27/27 MP: 1/1
   770 | D:2      | Reached XP level 3. HP: 33/33 MP: 2/2
  1302 | D:3      | Identified the +9 whip "Concordance" {pain, rN+ Int+3 Dex+4
                  | Stlth-}
  1460 | D:3      | Reached XP level 4. HP: 40/40 MP: 3/3
  1552 | D:3      | Noticed an ogre
  1561 | D:3      | Slain by an ogre

Illustrated notes

Levels and vault maps discovered:
D:1:      dpeg_arrival_tiny_i, layout_loops_ring, st_stairs_6,
          dreamdust_princess_bridge
D:2:      layout_rooms
D:3:      layout_basic, mainiacjoe_overflow_alcove_2, minmay_misc_feat_rugged,
          minmay_fractal_squares_diagonal_5

Skill      XL: |  1  2  3 |
---------------+----------+-----
Fighting       | 4 |  4.5
Armour         | 4 |  4.7
Long Blades    | 3 |  3.9
Shields        | 4 |  4.0

Action                     |  1- 3 |  4- 6 || total
---------------------------+-------+-------++-------
  Melee: Long sword        |    85 |    18 ||   103
         Headbutt          |     8 |     7 ||    15
         Whip              |       |     4 ||     4
    Use: Scroll            |     1 |       ||     1
 Armour: Scale mail        |    65 |    12 ||    77
  Dodge: Dodged            |    58 |     6 ||    64
  Block: Buckler           |    21 |     8 ||    29
